 Dungeon Crawl Stone Soup version 0.32-a0-473-gd044c6f0f0 (webtiles) character file.

Game seed: 392203123420867456

14332 ezpacito the Trooper (level 11, -11/75 HPs)
             Began as a Demonspawn Chaos Knight on Feb 25, 2024.
             Was a Plaything of Xom.
             Mangled by a boulder beetle (20 damage)
             ... on level 11 of the Dungeon.
             The game lasted 00:19:06 (9309 turns).

ezpacito the Trooper (Demonspawn Chaos Knight)      Turns: 9309, Time: 00:19:07

Health: -11/75     AC:  7    Str: 20    XL:     11   Next: 87%
Magic:  16/16      EV: 17    Int: 11    God:    Xom [......]
Gold:   1492       SH:  4    Dex: 27    Spells: 2/17 levels left

rFire   + . .        I - +3 executioner's axe (vamp)
rCold   + . .        (shield currently unavailable)
rNeg    . . .        g - +1 acid dragon scales
rPois   .            (helmet restricted)
rElec   .            z - scarf {rC+ rF+}
rCorr   +            (no gloves)
SInv    +            (no boots)
Will    .....        u - amulet of faith
Stlth   +++          e - +6 ring of dexterity
HPRegen 0.00/turn    x - ring of Warosmij {Str+6 SInv}
MPRegen 0.15/turn

%: faith
@: inhibited regen
A: claws 1, horns 1, ignite blood 2, demonic magic 2, weakness stinger 1, hooves
1, iridescent scales 1, large bone plates 1, agile 2, deformed body, frail 1,
inhibited regeneration, wild magic 1, devolution 1, persistent drain
a: Renounce Religion


You were on level 11 of the Dungeon.
You worshipped Xom.
You were a very special plaything of Xom.
You visited 2 branches of the dungeon, and saw 12 of its levels.
You also visited: Bailey.

You collected 1618 gold pieces.
You spent 126 gold pieces at shops.

Inventory:

Hand Weapons
 a - a +1 hand axe of chaos
 f - a +4 battleaxe
 s - a +2 mace of chaos
 t - the +7 war axe "Ogrebane" {speed, rC+ Str+4}
   (You found it on level 3 of the Dungeon)

   Str+4:     It affects your strength (+4).
   rC+:       It protects you from cold.
 y - the +10 quarterstaff "Poagen" {drain, *Slow Int+4}
   (You found it on level 5 of the Dungeon)

   Int+4:     It affects your intelligence (+4).
   *Slow:     It may slow you when you take damage.
 I - a +3 vampiric executioner's axe (weapon)
Missiles
 b - 15 poisoned darts (quivered)
 d - 33 boomerangs
 E - a curare-tipped dart
 H - a throwing net
Armour
 g - +1 acid dragon scales (worn)
 h - a +0 plate armour
 z - a scarf of resistance (worn)
Magical Staves
 i - a staff of death
Jewellery
 e - a +6 ring of dexterity (left claw)
 o - a ring of willpower
 r - a ring of resist corrosion
 u - an amulet of faith (around neck)
 x - the ring of Warosmij (right claw) {Str+6 SInv}
   (You found it in a bailey)

   [ring of see invisible]

   Str+6:     It affects your strength (+6).
   SInv:      It lets you see invisible.
 A - a ring of magical power
Wands
 v - a wand of flame (12)
 J - a wand of paralysis (4)
Scrolls
 n - 5 scrolls of teleportation
 q - 4 scrolls of revelation
 C - 2 scrolls of amnesia
 D - a scroll of poison
Potions
 c - a potion of degeneration {unknown}
 j - 2 potions of brilliance
 l - a potion of lignification
 m - a potion of resistance
 p - 3 potions of enlightenment
 B - 2 potions of curing


   Skills:
 * Level 7.1 Fighting
 * Level 6.6(7.0) Axes
 + Level 3.7(5.6) Polearms
 * Level 6.1 Armour
 * Level 6.1 Dodging
 + Level 4.4 Stealth
 * Level 5.6 Unarmed Combat
 + Level 3.6 Spellcasting
 + Level 3.8 Conjurations
 + Level 3.7 Hexes
 * Level 6.8 Necromancy
 + Level 2.8 Translocations
 + Level 2.4 Fire Magic
 + Level 2.6 Ice Magic
 + Level 3.7 Evocations


You had 2 spell levels left.
You knew the following spells:

 Your Spells              Type           Power      Damage    Failure   Level
a - Dazzling Flash        Conj/Hex       26%        N/A       28%         3
b - Volatile Blastmotes   Fire/Tloc      20%        2d11      41%         3
c - Metabolic Englaciati  Hex/Ice        5%         N/A       96%         5
d - Petrify               Alch/Erth      2%         N/A       98%         4

Your spell library contained the following spells:

 Spells                   Type           Power      Damage    Failure   Level
 Frozen Ramparts          Ice            20%        1d4       41%         3
 Leda's Liquefaction      Alch/Erth      1%         N/A       98%         4
 Starburst                Conj/Fire      5%         6d4       100%        6
 Maxwell's Capacitive Co  Air            1%         ∞         100%        8


Dungeon Overview and Level Annotations

Branches:
Dungeon (11/15)            Temple (1/1) D:4            Lair (0/5) D:10
    Orc (0/2) D:9          Bailey (visited)

Altars:
Ashenzari
Cheibriados
Dithmenos
Fedhas
Gozag
Hepliaklqana
Kikubaaqudgha
Makhleb
Nemelex Xobeh
Okawaru
Qazlal
Ru
Sif Muna
Trog
Uskayaw
Vehumet
Wu Jian
Xom
Yredelemnul

Shops:
D:6 *   D:10 (

Annotations:
D:3 2 transporters, Echelon's ghost, amateur CoFi
D:4 1 runed translucent door, Tollund's ghost, amateur VSEn


Innate Abilities, Weirdness & Mutations

You have sharp fingernails.
You have a pair of small horns on your head.
Your demonic aura often causes spilled blood to erupt in flames.
Spells you cast may paralyse nearby enemies.
You have a small tail.
You have large cloven feet.
You are partially covered in iridescent scales. (AC +2)
You are partially covered in large bone plates. (SH +4)
You are very agile. (Dex +8, Str/Int -2)
Armour fits poorly on your strangely shaped body.
You are frail. (-10% HP)
You do not regenerate when monsters are visible.
Your spells are a little harder to cast, but a little more powerful.
You have hidden genetic defects.
Your health recovers twice as slowly from being drained.


Message History

You kick the boulder beetle, but do no damage.
You headbutt the boulder beetle, but do no damage.
The boulder beetle is lightly wounded.
The boulder beetle bites you! x2
You hit the boulder beetle but do no damage.
You kick the boulder beetle, but do no damage.
You headbutt the boulder beetle, but do no damage.
The boulder beetle is lightly wounded.
The boulder beetle closely misses you.
You slice the boulder beetle!!
You feel better.
You kick the boulder beetle.
You headbutt the boulder beetle, but do no damage.
The boulder beetle is heavily wounded. "Heh heh heh..."
You are confused.
The boulder beetle barely misses you. The boulder beetle bites you.
You are too confused!
You are too confused!
You are too confused!
The boulder beetle curls into a ball and begins rolling!
You're too confused to move!
You're too confused to move!
The boulder beetle closely misses you.
The boulder beetle stops rolling and uncurls.
You barely miss the boulder beetle.
You kick the boulder beetle, but do no damage.
The boulder beetle is moderately wounded.
The boulder beetle completely misses you.
The boulder beetle bites you!!
* * * LOW HITPOINT WARNING * * *
You hit the boulder beetle.
You feel better.
You tail-slap the boulder beetle, but do no damage.
The boulder beetle is heavily wounded.
You feel less confused. The boulder beetle bites you!
* * * LOW HITPOINT WARNING * * *
You slash the boulder beetle!
The boulder beetle is heavily wounded.
The boulder beetle bites you but does no damage.
The boulder beetle bites you!!
You die...
Xom is highly amused!

########## #.........
#..###########
#.###.#............
#...○B#.............
#...##@##.......♣.♣.#
#.. #..#..........#
... ##.##.....♣...♣.
... ..#.......P.. ..
#.##...♣..♣..♣ #
#..#.....P.P..
####..##.♣.......
.......#...♣.♣.♣.
........###########


You could see a boulder beetle.

Vanquished Creatures
  An orc warlord (Bailey)
  A manticore (D:10)
  Maggie (D:6)
  A hornet (D:10)
  2 trolls
  A shadow (D:9)
  A wyvern (D:10)
  12 yaks
  2 steam dragons
  Menkaure (D:5)
  2 water moccasins
  2 acid dragons
  12 orc warriors
  2 ice beasts
  3 black bears
  2 sky beasts
  4 ogres
  3 phantoms
  2 centaurs (D:6)
  3 kobold brigands
  5 bullfrogs
  A gnoll sergeant (D:5)
  A scorpion (D:5)
  7 wights
  13 killer bees (D:10)
  A howler monkey (D:5)
  2 bombardier beetles (D:5)
  3 orc priests
  5 hounds
  5 iguanas
  11 orc wizards
  A gnoll (Bailey)
  4 adders
  A shadow imp (D:6)
  2 white imps
  4 ufetubi
  3 dart slugs
  A ribbon worm (D:3)
  50 orcs
  5 bats
  7 endoplasms
  4 giant cockroaches
  10 goblins
  10 hobgoblins
  2 jackals (D:1)
  28 kobolds
  5 quokkas
  8 ball pythons
  2 frilled lizards (D:2)
  A quokka zombie (D:3)
  5 rats
265 creatures vanquished.

Vanquished Creatures (collateral kills)
  A yak (D:10)
  An ogre (D:6)
  A jelly (D:6)
3 creatures vanquished.

Grand Total: 268 creatures vanquished

Notes
Turn   | Place    | Note
-------+----------+-------------------------------------------
     0 | D:1      | ezpacito the Demonspawn Chaos Knight began the quest for
                  | the Orb.
     0 | D:1      | Reached XP level 1. HP: 18/18 MP: 1/1
    43 | D:1      | Reached skill level 1 in Dodging
   158 | D:1      | Gained mutation: Your demonic aura sometimes causes spilled
                  | blood to erupt in flames. [demonic ancestry]
   158 | D:1      | Reached XP level 2. HP: 22/24 MP: 2/2
   299 | D:1      | XOM: divination: detect items
   322 | D:1      | XOM: silly message
   372 | D:1      | Reached XP level 3. HP: 29/29 MP: 3/3
   372 | D:1      | XOM: silly message
   560 | D:1      | XOM: silly message
   689 | D:2      | XOM: noise
  1026 | D:2      | Reached skill level 1 in Unarmed Combat
  1162 | D:3      | XOM: god gift: glowing mace {god gift}
  1203 | D:3      | Reached skill level 1 in Stealth
  1203 | D:3      | Discovered your monstrous ancestry.
  1203 | D:3      | Gained mutation: You have sharp fingernails. [demonic
                  | ancestry]
  1203 | D:3      | Reached XP level 4. HP: 20/35 MP: 4/4
  1422 | D:3      | XOM: 1-stop teleportation journey
  1499 | D:3      | XOM: god gift: 20 gold pieces
  1590 | D:3      | Identified the +7 war axe "Ogrebane" {speed, rC+ Str+4}
  1637 | D:3      | Noticed Echelon's ghost (amateur CoFi)
  1692 | D:3      | Found a transporter.
  1700 | D:3      | Found a transporter.
  1769 | D:3      | Reached skill level 1 in Necromancy
  1830 | D:3      | XOM: stat loss: -1 Str (17/18)
  1833 | D:3      | XOM: give mutations
  1833 | D:3      | Gained mutation: You have hidden genetic potential. [Xom's
                  | mischief]
  1833 | D:3      | Gained mutation: Your muscles are strong. (Str +4, Int/Dex
                  | -1) [Xom's mischief]
  1833 | D:3      | Lost mutation: Your muscles are strong. (Str +4, Int/Dex
                  | -1) [Xom's mischief]
  1833 | D:3      | Gained mutation: You have an increased reservoir of magic.
                  | (+10% MP) [Xom's mischief]
  1977 | D:4      | Noticed a steam dragon
  1977 | D:4      | XOM: confuse monster(s)
  1989 | D:4      | Killed a steam dragon
  1990 | D:4      | Reached skill level 1 in Spellcasting
  1990 | D:4      | Reached XP level 5. HP: 41/41 MP: 5/7
  2008 | D:4      | Gained mutation: You have a pair of small antennae on your
                  | head. [hidden potential]
  2094 | D:4      | Learned a level 3 spell: Dazzling Flash
  2098 | D:4      | Learned a level 3 spell: Volatile Blastmotes
  2143 | D:4      | Reached skill level 1 in Evocations
  2217 | D:4      | Found a staircase to the Ecumenical Temple.
  2293 | Temple   | Entered the Ecumenical Temple
  2386 | D:4      | Noticed an ogre
  2392 | D:4      | Killed an ogre
  2393 | D:4      | Reached skill level 1 in Polearms
  2393 | D:4      | Gained mutation: Your demonic aura often causes spilled
                  | blood to erupt in flames. [demonic ancestry]
  2393 | D:4      | Reached XP level 6. HP: 30/48 MP: 8/8
  2579 | D:4      | Found a runed translucent door.
  2582 | D:4      | Noticed Tollund's ghost (amateur VSEn)
  2689 | D:4      | XOM: silly message
  2867 | D:5      | Entered Level 5 of the Dungeon
  2874 | D:5      | Identified the +10 quarterstaff "Poagen" {drain, *Slow
                  | Int+4}
  2913 | D:5      | Gained mutation: You have large cloven feet. [hidden
                  | potential]
  2913 | D:5      | Lost mutation: You have hidden genetic potential. [hidden
                  | potential expressed]
  2930 | D:5      | Found a hide-covered altar of Uskayaw.
  2939 | D:5      | Noticed Menkaure
  2943 | D:5      | XOM: 4-stop teleportation journey
  2949 | D:5      | Gained mutation: You have a small tail. [demonic ancestry]
  2949 | D:5      | Reached XP level 7. HP: 31/53 MP: 10/10
  3056 | D:5      | XOM: fog
  3062 | D:5      | Killed Menkaure
  3063 | D:5      | Reached skill level 4 in Fighting
  3063 | D:5      | Reached skill level 1 in Hexes
  3209 | D:5      | Reached skill level 1 in Conjurations
  3285 | D:5      | XOM: 3-stop teleportation journey
  3365 | D:4      | XOM: summons 4 hostile demons
  3430 | D:5      | Lost mutation: You have a pair of small antennae on your
                  | head. [demonic ancestry]
  3430 | D:5      | Gained mutation: You have a pair of small horns on your
                  | head. [demonic ancestry]
  3430 | D:5      | Reached XP level 8. HP: 45/61 MP: 11/11
  3568 | D:5      | XOM: polymorph hound -> ice beast
  3917 | D:6      | XOM: swap monsters
  3922 | D:6      | Noticed Maggie
  3942 | D:6      | XOM: enchant monster (bad)
  3947 | D:6      | Killed Maggie
  4122 | D:6      | Reached skill level 5 in Fighting
  4122 | D:6      | Reached XP level 9. HP: 63/68 MP: 13/13
  4141 | D:6      | XOM: give mutations
  4141 | D:6      | Lost mutation: You have an increased reservoir of magic.
                  | (+10% MP) [Xom's mischief]
  4141 | D:6      | Gained mutation: Your body sometimes deteriorates upon
                  | taking damage. [Xom's mischief]
  4141 | D:6      | Lost mutation: You have large cloven feet. [Xom's mischief]
  4141 | D:6      | Gained mutation: You have sharp toenails. [Xom's mischief]
  4141 | D:6      | Gained mutation: You have a pair of horns on your head.
                  | [Xom's mischief]
  4192 | D:6      | XOM: stat loss: -1 Dex (17/19)
  4328 | D:6      | Found Isaj Yt Ocyf's CLEARANCE SALE!.
  4338 | D:6      | Bought a potion of resistance for 70 gold pieces
  4338 | D:6      | Bought a scroll of identify for 14 gold pieces
  4512 | D:6      | XOM: stat loss: -1 Str (19/20)
  4569 | D:6      | Learned a level 5 spell: Metabolic Englaciation
  4877 | D:7      | Found a flagged portal.
  4911 | Bailey   | Entered a bailey
  4939 | Bailey   | Noticed an orc warlord
  4962 | Bailey   | XOM: give mutations
  4962 | Bailey   | Gained mutation: You are clumsy. (Dex -2) [Xom's mischief]
  4962 | Bailey   | Lost mutation: You have a pair of horns on your head.
                  | [Xom's mischief]
  4962 | Bailey   | Gained mutation: Armour fits poorly on your strangely
                  | shaped body. [Xom's mischief]
  4962 | Bailey   | Gained mutation: You have a pair of horns on your head.
                  | [Xom's mischief]
  5009 | Bailey   | XOM: noise
  5014 | Bailey   | Reached skill level 5 in Axes
  5040 | Bailey   | Found a runed translucent gate.
  5040 | Bailey   | Found a runed translucent gate.
  5040 | Bailey   | Found a runed translucent gate.
  5276 | Bailey   | Lost mutation: You are clumsy. (Dex -2) [potion of
                  | mutation]
  5276 | Bailey   | Lost mutation: Your body sometimes deteriorates upon taking
                  | damage. [potion of mutation]
  5276 | Bailey   | Gained mutation: You are weak. (Str -2) [potion of
                  | mutation]
  5276 | Bailey   | Gained mutation: You are frail. (-10% HP) [potion of
                  | mutation]
  5276 | Bailey   | Lost mutation: You are frail. (-10% HP) [potion of
                  | mutation]
  5277 | Bailey   | Lost mutation: Armour fits poorly on your strangely shaped
                  | body. [potion of mutation]
  5277 | Bailey   | Lost mutation: You are weak. (Str -2) [potion of mutation]
  5277 | Bailey   | Lost mutation: You have a pair of horns on your head.
                  | [potion of mutation]
  5277 | Bailey   | Gained mutation: You are robust. (+10% HP) [potion of
                  | mutation]
  5277 | Bailey   | Gained mutation: You are agile. (Dex +4, Str/Int -1)
                  | [potion of mutation]
  5277 | Bailey   | Gained mutation: Your skin changes colour to match your
                  | surroundings (Stealth+). [potion of mutation]
  5277 | Bailey   | Gained mutation: You are very agile. (Dex +8, Str/Int -2)
                  | [potion of mutation]
  5280 | Bailey   | XOM: give mutations
  5280 | Bailey   | Gained mutation: You have a pair of horns on your head.
                  | [Xom's mischief]
  5280 | Bailey   | Gained mutation: Your spells are a little easier to cast,
                  | but a little less powerful. [Xom's mischief]
  5280 | Bailey   | Gained mutation: You have a pair of large horns on your
                  | head. [Xom's mischief]
  5336 | Bailey   | XOM: enchant monster (good)
  5339 | Bailey   | Killed an orc warlord
  5340 | Bailey   | Reached skill level 1 in Translocations
  5340 | Bailey   | Reached skill level 1 in Fire Magic
  5340 | Bailey   | Reached skill level 1 in Ice Magic
  5340 | Bailey   | Gained mutation: Spells you cast may paralyse adjacent
                  | enemies. [demonic ancestry]
  5340 | Bailey   | Reached XP level 10. HP: 37/83 MP: 12/14
  5368 | Bailey   | Identified the ring of Warosmij {Str+6 SInv}
  5471 | Bailey   | XOM: give mutations
  5471 | Bailey   | Lost mutation: You are robust. (+10% HP) [Xom's mischief]
  5471 | Bailey   | Lost mutation: You have a pair of large horns on your head.
                  | [Xom's mischief]
  5472 | Bailey   | Reached skill level 6 in Fighting
  5472 | Bailey   | Reached skill level 5 in Armour
  5472 | Bailey   | Reached skill level 5 in Dodging
  5472 | Bailey   | Reached skill level 5 in Unarmed Combat
  5472 | Bailey   | Gained mutation: Spells you cast may paralyse nearby
                  | enemies. [demonic ancestry]
  5472 | Bailey   | Reached XP level 11. HP: 83/83 MP: 14/16
  5478 | Bailey   | Learned a level 4 spell: Petrify
  6164 | D:7      | XOM: give mutations
  6164 | D:7      | Gained mutation: Your health recovers twice as slowly from
                  | being drained. [Xom's mischief]
  6164 | D:7      | Lost mutation: Your spells are a little easier to cast, but
                  | a little less powerful. [Xom's mischief]
  6164 | D:7      | Gained mutation: Your flesh is heat resistant. (rF+) [Xom's
                  | mischief]
  6210 | D:8      | XOM: stealth player
  6471 | D:8      | XOM: give mutation
  6471 | D:8      | Lost mutation: You have a pair of horns on your head.
                  | [Xom's mischief]
  6734 | D:8      | Found an iron altar of Okawaru.
  6798 | D:8      | XOM: summons 4 hostile shadow creatures
  6868 | D:7      | XOM: give mutations
  6868 | D:7      | Gained mutation: You are partially covered in large bone
                  | plates. (SH +4) [Xom's mischief]
  6868 | D:7      | Gained mutation: You are frail. (-10% HP) [Xom's mischief]
  6868 | D:7      | Lost mutation: You have sharp toenails. [Xom's mischief]
  6868 | D:7      | Gained mutation: You have large cloven feet. [Xom's
                  | mischief]
  6993 | D:9      | Found a staircase to the Orcish Mines.
  7118 | D:9      | XOM: noise
  7149 | D:9      | XOM: polymorph orc -> kobold
  7217 | D:9      | XOM: chaos upgrade
  7464 | D:9      | XOM: swap monsters
  7579 | D:9      | XOM: give mutations
  7579 | D:9      | Gained mutation: You are partially covered in iridescent
                  | scales. (AC +2) [Xom's mischief]
  7579 | D:9      | Gained mutation: You have hidden genetic defects. [Xom's
                  | mischief]
  7586 | D:9      | XOM: chaos cloud
  7626 | D:9      | Upgraded the game from 0.32-a0-468-g38b2580584 to
                  | 0.32-a0-473-gd044c6f0f0
  7837 | D:9      | XOM: silly message
  7850 | D:10     | Entered Level 10 of the Dungeon
  7855 | D:10     | Found Yhannado's Firing Range.
  7858 | D:10     | Found a staircase to the Lair.
  7865 | D:10     | XOM: 2-stop teleportation journey
  7916 | D:10     | XOM: cast spell 'Summon Horrible Things'
  7962 | D:10     | XOM: torment (38/74 hp)
  8082 | D:10     | XOM: give mutations
  8082 | D:10     | Gained mutation: Your spells are a little harder to cast,
                  | but a little more powerful. [Xom's mischief]
  8082 | D:10     | Lost mutation: Your flesh is heat resistant. (rF+) [Xom's
                  | mischief]
  8082 | D:10     | Gained mutation: You do not regenerate when monsters are
                  | visible. [Xom's mischief]
  8082 | D:10     | Lost mutation: Your skin changes colour to match your
                  | surroundings (Stealth+). [Xom's mischief]
  8218 | D:10     | XOM: confuse monster(s)
  8221 | D:10     | XOM: blink monster(s)
  8222 | D:10     | Reached skill level 7 in Fighting
  8227 | D:10     | Noticed a two-headed ogre
  8228 | D:10     | Gained mutation: Armour fits poorly on your strangely
                  | shaped body. [hidden defects]
  8232 | D:10     | a two-headed ogre changed into a sky beast
  8232 | D:10     | XOM: polymorph two-headed ogre -> sky beast
  8248 | D:10     | XOM: scenery: 1 doors open
  8293 | D:10     | Bought a throwing net for 42 gold pieces
  8320 | D:10     | Found a sparkling altar of Nemelex Xobeh.
  8344 | D:10     | XOM: confuse monster(s)
  8624 | D:10     | XOM: god gift: 895 gold pieces
  8933 | D:11     | Identified a scroll of acquirement
  8933 | D:11     | Acquired a +2 vampiric executioner's axe
  8950 | D:11     | Noticed a boulder beetle
  8952 | D:11     | XOM: swap monsters
  8953 | D:11     | XOM: confusion
  8973 | D:11     | XOM: summons 6 hostile demons
  8974 | D:11     | Noticed a sun demon
  8974 | D:11     | Noticed a soul eater
  9013 | D:11     | XOM: blink monster(s)
  9200 | D:11     | XOM: torment (39/75 hp)
  9297 | D:11     | Noticed a boulder beetle
  9302 | D:11     | XOM: confusion
  9309 | D:11     | Mangled by a boulder beetle

Illustrated notes

Levels and vault maps discovered:
D:1:      lightli_molten_gateway, layout_rooms, chequers_serial_rivers_room_b
D:2:      layout_rooms
D:3:      layout_loops_cross, gammafunk_ghost_arena,
          minmay_misc_feat_four_crosses
D:4:      layout_loops_ring, minmay_temple_entry_trees, ebering_ghost_sewer_d
D:5:      minmay_diamond_boxcup, layout_cave_pools,
          mainiacjoe_overflow_tiny_flanked, uniq_menkaure
D:6:      layout_rooms, nicolae_shop_clearance, uniq_maggie
D:7:      layout_cave_pods, enter_bailey_5
D:8:      layout_basic, lemuel_coloured_pillars_altar
D:9:      layout_roguey, hiddenorc2_lemuel
D:10:     layout_roguey, overflow_temple_1_default, due_lair_maze_entry_diamond,
          nicolae_shop_firing_range
D:11:     minmay_the_grid_triangle_9x9_line_8_mashed
          [minmay_the_grid_triangle_9x9_empty,
          minmay_the_grid_triangle_9x9_shrine,
          minmay_the_grid_triangle_9x9_odd_lines,
          minmay_the_grid_triangle_9x9_intruding_spiral,
          minmay_the_grid_triangle_9x9_sparse_checkered,
          minmay_the_grid_triangle_9x9_swiss_cheese,
          minmay_the_grid_triangle_9x9_warning,
          minmay_the_grid_triangle_9x9_prize_schism], layout_layer_cave,
          serial_rivers, chequers_serial_rivers_room_a,
          chequers_serial_rivers_micro_d, chequers_serial_rivers_small_b,
          chequers_serial_rivers_marsh, serial_shops, kennysheep_mini, tgw_trog,
          uniq_erolcha, uniq_grum
Temple:   hellmonk_temple_of_storms

Skill      XL: |  1  2  3  4  5  6  7  8  9 10 11 |
---------------+----------------------------------+-----
Dodging        | 1 2 3 4 5 6 |  6.1
Armour         | 2 3 4 5 6 |  6.1
Unarmed Combat | 1 2 3 4 5 |  5.6
Stealth        | 1 2 3 4 |  4.4
Necromancy     | 1 2 3 4 6 |  6.8
Axes           | 3 4 5 6 |  6.6
Spellcasting   | 1 2 3 |  3.6
Evocations     | 1 2 3 |  3.7
Polearms       | 1 2 3 |  3.7
Fighting       | 4 5 6 7 |  7.1
Hexes          | 1 2 3 |  3.7
Conjurations   | 1 2 3 |  3.8
Translocations | 1 2 |  2.8
Fire Magic     | 1 2 |  2.4
Ice Magic      | 1 2 |  2.6

Action                     |  1- 3 |  4- 6 |  7- 9 | 10-12 || total
---------------------------+-------+-------+-------+-------++-------
  Melee: Hand axe          |   132 |    30 |       |       ||   162
         War axe           |       |    54 |   166 |   171 ||   391
         Kick              |       |     2 |    55 |    63 ||   120
         Tailslap          |       |       |    15 |    21 ||    36
         Headbutt          |       |       |    19 |    49 ||    68
         Executioner's axe |       |       |       |    15 ||    15
  Evoke: Wand              |       |     1 |     4 |     7 ||    12
    Use: Potion            |       |       |     9 |     8 ||    17
         Scroll            |       |       |    15 |     7 ||    22
   Stab: Sleeping          |       |       |     1 |     8 ||     9
         Distracted        |       |       |     1 |     2 ||     3
         Confused          |       |       |       |     4 ||     4
 Armour: Leather armour    |    39 |       |       |       ||    39
         Scale mail        |    42 |    52 |    15 |       ||   109
         Chain mail        |       |       |    49 |       ||    49
         Acid dragon scale |       |       |    71 |    84 ||   155
         Skin              |       |       |       |     9 ||     9
  Dodge: Dodged            |    74 |    28 |    86 |   123 ||   311
  Block: Other             |       |       |       |    16 ||    16

Table legend: (Time is in decaauts)
 A = Elapsed time spent in this place.
 B = Non-inter-level travel time spent in this place.
 C = Inter-level travel time spent in this place.
 D = Time resting spent in this place.
 E = Time spent auto-exploring this place.
 F = Levels seen in this place.
 G = Mean time per level.
                   A        B        C        D        E       F      G
               +--------+--------+--------+--------+--------+-----+--------+
         Total |   9315 |   8810 |    505 |    541 |   6558 |  13 |  716.5 |
       Dungeon |   8689 |   8184 |    505 |    272 |   6411 |  11 |  789.9 |
        Temple |      1 |      1 |      0 |      0 |      0 |   1 |    1.0 |
        Bailey |    623 |    623 |      0 |    269 |    146 |   1 |  623.0 |
               +--------+--------+--------+--------+--------+-----+--------+

Top non-repeatable levels by time:
    D:10: 1066 daAuts
     D:4: 985 daAuts
     D:7: 971 daAuts
     D:5: 868 daAuts
     D:6: 865 daAuts
     D:3: 838 daAuts
     D:9: 800 daAuts
     D:8: 764 daAuts
  Bailey: 623 daAuts
     D:1: 596 daAuts
     D:2: 548 daAuts
    D:11: 383 daAuts
  Temple: 1 daAuts
